 Dungeon Crawl Stone Soup version 0.31.0-11-ge490571c62 (webtiles) character file.

Game seed: 4403103097060681989

105 qw the Shooter (level 4, -1/22 HPs)
             Began as a Spriggan Hunter on Feb 4, 2024.
             Succumbed to their own poison gas
             ... on level 2 of the Dungeon.
             The game lasted 00:00:06 (1959 turns).

qw the Shooter (Spriggan Hunter)                    Turns: 1959, Time: 00:00:07

Health: -1/22      AC:  5    Str:  7    XL:     4   Next: 53%
Magic:  5/5        EV: 20    Int: 10    God:
Gold:   125        SH:  0    Dex: 20    Spells: 3/3 levels left

rFire   + . .        a - +0 shortbow
rCold   . . .        (shield currently unavailable)
rNeg    . . .        c - +0 robe
rPois   .            (helmet restricted)
rElec   .            h - +2 cloak
rCorr   .            (gloves unavailable)
SInv    +            (boots unavailable)
Will    .....        (no amulet)
Stlth   ++           e - ring of protection from fire
HPRegen 0.23/turn    (no ring)
MPRegen 0.09/turn

%: no passive effects
@: lethally poisoned (-1 -> -6), very quick
A: very small, no large weapons, unfitting armour, see invisible, speed 3
a: no special abilities


You were on level 2 of the Dungeon.
You visited 1 branch of the dungeon, and saw 4 of its levels.

You collected 125 gold pieces.


Innate Abilities, Weirdness & Mutations

You are very small and have problems with some larger weapons.
You are too small for most types of armour.
You have supernaturally acute eyesight. (SInv)
You cover ground extremely quickly. (Speed+++)


   Skills:
 - Level 1.5 Fighting
 - Level 5.2 Ranged Weapons
 + Level 4.6 Dodging
 - Level 1.5 Stealth


You had 3 spell levels left.
You didn't know any spells.
Your spell library was empty.

Inventory:

Hand Weapons
 a - a +0 shortbow (weapon)
Armour
 c - a +0 robe (worn)
 h - a +2 cloak (worn)
Jewellery
 e - a ring of protection from fire (left hand)
Wands
 n - a wand of acid (13)
Potions
 d - a potion of degeneration {unknown}
 f - a potion of mutation {unknown}
 j - a potion of haste {unknown}
 k - a potion of resistance {unknown}
 m - a potion of heal wounds {unknown}

Dungeon Overview and Level Annotations

Branches:
Dungeon (4/15)
 Temple: D:4-7

Altars:
Sif Muna

Shops:
D:2 [


Message History

You start waiting.
Your surroundings suddenly seem different.
1935 ||| READING scroll labelled NYELI IQAFIA.
The air fills with toxic fumes!
As you read the scroll labelled NYELI IQAFIA, it crumbles to dust.
It was a scroll of poison.
1936 ||| DRINKING 2 fuming clear potions.
It was a potion of lignification.
You turn into a tree.
Your +2 cloak melds into your body.
Your +0 robe melds into your body.
Your roots penetrate the ground.
You start resting.
Your transformation is almost over.
You feel less wooden.
HP restored.
Your +2 cloak unmelds from your body.
Your +0 robe unmelds from your body.
1951 ||| DROPPING potion of lignification.
You drop a potion of lignification.
Enter note:
Enter note:
Enter note:
Enter note:
Enter note:
Enter note: You are engulfed in poison gas.
You are lethally poisoned!
You feel very sick.
1953 ||| Stepping ~*~*~tactically~*~*~ (cloud).
You feel sick.
There is a lethal amount of poison in your body!
You feel very sick.
There is a lethal amount of poison in your body!
You feel very sick.
There is a lethal amount of poison in your body!
You feel sick.
There is a lethal amount of poison in your body!
You feel sick.
There is a lethal amount of poison in your body!
You feel sick.
There is a lethal amount of poison in your body!
You die...

#..............##....
#..............##.<..
#..............##....
#..........######.(.#
###..........# #......#
##............# #.##...#
#..#####.###### #.#.....
#.## ###.########.######
###)####.@..........# #
#......#............# #
#..%.....!..........######
#..#...#..#_###.....##....
##.#...#.[#.........##....
#.#...#..#.........##....
#..................##....
#...........%......##....
#.#......#...#.#.####....


There were no monsters in sight!

Vanquished Creatures
  A hound (D:4)
  2 adders
  A dart slug (D:2)
  A ribbon worm (D:2)
  An orc (D:4)
  4 endoplasms
  2 giant cockroaches (D:1)
  6 hobgoblins
  4 kobolds
  3 quokkas
  5 ball pythons
  6 bats
  A frilled lizard (D:1)
  9 goblins
  2 rats (D:1)
48 creatures vanquished.

Notes
Turn   | Place    | Note
-------+----------+-------------------------------------------
     0 | D:1      | qw the Spriggan Hunter began the quest for the Orb.
     0 | D:1      | Reached XP level 1. HP: 10/10 MP: 2/2
     0 | D:1      | 0 ||| qw: Version: 0.3-a-160-g6735b56
     0 | D:1      | 0 ||| qw: Game counter: 4792
     0 | D:1      | 0 ||| qw: Melee chars always use a shield: true
     0 | D:1      | 0 ||| qw: God list: Okawaru
     0 | D:1      | 0 ||| qw: Allow faded altars: false
     0 | D:1      | 0 ||| qw: Do Orc after clearing Dungeon:15 true
     0 | D:1      | 0 ||| qw: Do second Lair branch before Depths: true
     0 | D:1      | 0 ||| qw: Lair rune preference: random
     0 | D:1      | 0 ||| qw: Goals: Normal
     0 | D:1      | 0 ||| PLANNING D:1-11
    42 | D:1      | Reached skill level 3 in Dodging
   199 | D:1      | Reached XP level 2. HP: 11/14 MP: 3/3
   655 | D:1      | 655 ||| UPGRADING to +0 cloak.
   660 | D:1      | 660 ||| READING scroll labelled FUYRCH RAKOETI.
   661 | D:1      | 661 ||| READING scroll labelled ZEONLIGGUI.
   662 | D:1      | 662 ||| READING 2 scrolls labelled RAM OQAABI.
   662 | D:1      | 662 ||| ENCHANTING +0 cloak.
   663 | D:1      | 663 ||| READING scroll of enchant armour.
   663 | D:1      | 663 ||| ENCHANTING +1 cloak.
   664 | D:1      | 664 ||| READING scroll labelled COAGERR ANUPH.
   664 | D:1      | 664 ||| IDENTIFYING bubbling amethyst potion
   665 | D:1      | 665 ||| DROPPING scroll of butterflies.
   666 | D:1      | 666 ||| DROPPING potion of brilliance.
   712 | D:2      | Reached XP level 3. HP: 18/18 MP: 4/4
  1002 | D:2      | You fall into a shaft and drop 2 floors!
  1068 | D:4      | Reached skill level 5 in Ranged Weapons
  1068 | D:4      | Reached XP level 4. HP: 22/22 MP: 5/5
  1270 | D:3      | 1270 ||| UPGRADING to ring of protection from fire.
  1343 | D:2      | Found a shimmering blue altar of Sif Muna.
  1344 | D:2      | Found Leocra's Armour Boutique.
  1352 | D:2      | 1352 ||| SHOPLISTING +1 hat (143 gold, have 99).
  1417 | D:2      | Identified the +0 spear "Vout" {drain, rC+}
  1730 | D:2      | Found a faded altar of an unknown god.
  1829 | D:2      | 1829 ||| READING scroll labelled BEKKETE FUOMOU.
  1930 | D:2      | 1930 ||| READING scroll labelled DUQIJE DI CYB.
  1935 | D:2      | 1935 ||| READING scroll labelled NYELI IQAFIA.
  1936 | D:2      | 1936 ||| DRINKING 2 fuming clear potions.
  1951 | D:2      | 1951 ||| DROPPING potion of lignification.
  1953 | D:2      | 1953 ||| Stepping ~*~*~tactically~*~*~ (cloud).
  1955 | D:2      | HP: 5/22 [poisoned by you (poison gas)]
  1957 | D:2      | HP: 2/22 [poisoned by you (poison gas)]
  1959 | D:2      | Succumbed to their own poison gas

Levels and vault maps discovered:
D:1:      wheals_arrival_shading, layout_loops_ring, grunt_decor_arrowhead
D:2:      layout_basic, basic_altar, hellmonk_ecumenical_altar_lost_god,
          serial_shops, nicolae_diamond_shop, st_stairs_7, minivault_19,
          hex_intersection
D:3:      layout_loops_ring
D:4:      layout_basic, chequers_serial_rivers_room_b, minmay_fire_ice_demons,
          uniq_natasha

Skill      XL: |  1  2  3 |
---------------+----------+-----
Dodging        | 3 4 |  4.6
Ranged Weapons | 5 |  5.2
Fighting       | |  1.5
Stealth        | |  1.5

Action                     |  1- 3 |  4- 6 || total
---------------------------+-------+-------++-------
   Fire: Shortbow          |   112 |    34 ||   146
    Use: Scroll            |     5 |     3 ||     8
         Potion            |       |     1 ||     1
 Armour: Robe              |    13 |     1 ||    14
  Dodge: Dodged            |    47 |     5 ||    52

Table legend:
 A = Non-vault XP
 B = Vault XP
 C = Vault XP percentage of total XP
 D = Non-vault monster count
 E = Vault monster count
 F = Vault count percentage of total count
                 A         B        C        D         E       F
            +---------+---------+-------+---------+---------+-------
      Total |     146 |       4 |   2.7 |      47 |       1 |   2.1
            +---------+---------+-------+---------+---------+-------
        D:1 |      33 |       0 |   0.0 |      20 |       0 |   0.0
        D:2 |      48 |       4 |   7.7 |      20 |       1 |   4.8
        D:3 |       3 |       0 |   0.0 |       2 |       0 |   0.0
        D:4 |      62 |       0 |   0.0 |       5 |       0 |   0.0
            +---------+---------+-------+---------+---------+-------
